 Dungeon Crawl Stone Soup version 0.25-a0-44-g29a1220a87 (webtiles) character file.

Game seed: 7472367790537878021, levelgen mode: deterministic

230 iamserjio the Scratcher (level 5, -4/24 HPs)
             Began as a Felid Chaos Knight on Oct 25, 2019.
             Was a Plaything of Xom.
             Slain by a gnoll
             ... wielding a +0 halberd
              (17 damage)
             ... on level 4 of the Dungeon.
             The game lasted 00:03:53 (3341 turns).

iamserjio the Scratcher (Felid Chaos Knight)        Turns: 3341, Time: 00:03:53

Health: -4/24      AC:  1    Str:  9    XL:     5   Next: 72%
Magic:  6/6        EV: 21    Int: 13    God:    Xom [.*....]
Gold:   117        SH:  0    Dex: 16    Spells: 4/4 levels left
                                        Lives:  0   Deaths: 1

rFire    . . .     SeeInvis +     - Unarmed
rCold    + . .     Gourm    .   (shield unavailable)
rNeg     . . .     Faith    .   (armour unavailable)
rPois    .         Spirit   .   (helmet unavailable)
rElec    .         Reflect  .   (cloak unavailable)
rCorr    .         Harm     .   (gloves unavailable)
MR       .....                  (boots unavailable)
Stlth    ++........             (no amulet)
HPRegen  0.08/turn              k - ring of protection from cold
MPRegen  0.10/turn              (no ring)

@: quick
A: very small, no armour, no weapons or thrown items, stealth, claws 1, fangs 3,
see invisible, carnivore, speed 1, shaggy fur 1, slow metabolism 1, sharp paws
a: Renounce Religion


You were on level 4 of the Dungeon.
You worshipped Xom.
You were a plaything of Xom.
You were completely stuffed.

You visited 1 branch of the dungeon, and saw 4 of its levels.

You collected 117 gold pieces.

Inventory:

Missiles
 c - 29 arrows
Jewellery
 k - a ring of protection from cold (left paw)
Wands
 n - a wand of random effects (9)
Scrolls
 b - a scroll of blinking {unknown}
 d - a scroll of magic mapping {unknown}
 g - 4 scrolls of identify {unknown}
 i - 2 scrolls of amnesia {unknown}
 m - 2 scrolls of remove curse {unknown}
 p - a scroll of immolation {unknown}
 q - a scroll of fog {unknown}
Potions
 e - a potion of brilliance {unknown}
 f - a potion of heal wounds
 h - 4 potions of curing {@q1}
 j - a potion of mutation {unknown}
 l - a potion of invisibility {unknown}
Comestibles
 a - 4 rations
 o - 2 chunks of flesh


   Skills:
 - Level 3.0 Fighting
 + Level 5.5 Dodging
 * Level 5.9 Unarmed Combat


You had 4 spell levels left.
You didn't know any spells.
Your spell library was empty.

Dungeon Overview and Level Annotations

Branches:
Dungeon (4/15)
 Temple: D:4-7

Altars:
Xom
The Shining One

Annotations:
D:3 Grinder
D:4 2 runed translucent doors, Torious's ghost, amateur DECj


Innate Abilities, Weirdness & Mutations

You cannot wear armour.
You are incapable of wielding weapons or throwing items.
Your paws allow you to move quietly. (Stealth)
You have sharp claws.
You have razor-sharp teeth.
You have supernaturally acute eyesight. (SInv)
You are carnivorous and can eat meat at any time.
You cover ground quickly.
You are covered in fur. (AC +1)
You have a slow metabolism.
Your sharp claws are effective at attacking unaware monsters.


Message History

The gnoll shouts!
The scorpion barely misses you.
You claw the scorpion! The scorpion misses you.
You scratch the scorpion but do no damage.
The scorpion stings you.
You claw the scorpion! Your bite misses the scorpion.
The scorpion barely misses you.
You scratch the scorpion but do no damage.
You bite the scorpion, but do no damage.
The scorpion closely misses you.
You scratch the scorpion but do no damage.
Your bite misses the scorpion. The scorpion misses you.
The gnoll hits you from afar with a +0 halberd.
You are too injured to fight recklessly!
You are too injured to fight recklessly!
You scratch the scorpion.
You kill the scorpion!
The gnoll hits you with a +0 halberd!
Ouch! That really hurt!
You die...

#.##... #.# #.###...
#[# #.# ##.#. #.! .≈
#.# .##.. #.8 .≈≈ #.
.#... #.# .≈≈.#
##!##.) #.# ≈.#
#.##.#. #g## ..#
#.##... ###@[#
#.##.##... #.§.8#
#.##.#.#. #.####
#..###..
#§###############...
#...................
##################..
#.. #.. ###


You could see a gnoll.

Vanquished Creatures
  An ogre (D:4)
  A scorpion (D:4)
  An orc wizard (D:4)
  4 adders
  An adder skeleton (D:4)
  4 worms
  2 dart slugs (D:2)
  A leopard gecko (D:2)
  4 orcs (D:4)
  4 giant cockroaches
  8 goblins
  2 hobgoblins
  10 jackals
  3 kobolds (D:2)
  2 quokkas (D:2)
  A ball python skeleton (D:4)
  7 bats
  8 frilled lizards
  7 rats
71 creatures vanquished.

Notes
Turn   | Place    | Note
-------+----------+-------------------------------------------
     0 | D:1      | iamserjio the Felid Chaos Knight began the quest for the
                  | Orb.
     0 | D:1      | Reached XP level 1. HP: 10/10 MP: 2/2
   204 | D:1      | Reached XP level 2. HP: 14/14 MP: 3/3
   231 | D:1      | XOM: silly message
   351 | D:1      | XOM: scenery: create altars
   517 | D:1      | XOM is BORED!
   734 | D:1      | XOM: god gift: blue potion {god gift}
   905 | D:2      | Reached XP level 3. HP: 17/17 MP: 4/4
  1083 | D:2      | XOM: fake destruction
  1096 | D:2      | XOM: smoke on damage
  1145 | D:1      | XOM: god gift: 34 gold pieces
  1412 | D:2      | XOM: 2-stop teleportation journey
  1810 | D:2      | Reached XP level 4. HP: 21/21 MP: 5/5
  2151 | D:2      | XOM: divination: detect creatures
  2265 | D:2      | XOM: scenery: create altars
  2278 | D:2      | XOM: god gift: scroll labeled ZAICVU PUAWYDU {god gift}
  2468 | D:3      | Noticed Grinder
  2477 | D:3      | XOM: polymorph bat -> hobgoblin
  2514 | D:4      | Found a glowing golden altar of the Shining One.
  2619 | D:4      | Noticed an ogre
  2732 | D:4      | XOM: 10-stop teleportation journey
  2771 | D:4      | XOM: 2-stop teleportation journey
  2846 | D:4      | XOM: blink monster(s)
  2854 | D:4      | XOM: silly message
  2856 | D:4      | XOM: cast spell 'Olgreb's Toxic Radiance'
  2860 | D:4      | Killed from afar by an orc wizard
  2861 | D:4      | Reached XP level 3. HP: 0/17 MP: 4/4
  2978 | D:4      | Reached skill level 5 in Unarmed Combat
  2978 | D:4      | Reached XP level 4. HP: 21/21 MP: 5/5
  3211 | D:4      | Found a large runed translucent door.
  3212 | D:4      | Found a large runed translucent door.
  3214 | D:4      | Noticed Torious's ghost (amateur DECj)
  3214 | D:4      | XOM: harmless Air miscast
  3285 | D:4      | XOM: cloud trail
  3296 | D:4      | Killed an ogre
  3296 | D:4      | Reached skill level 5 in Dodging
  3296 | D:4      | Reached XP level 5. HP: 24/24 MP: 6/6
  3341 | D:4      | Slain by a gnoll

Levels and vault maps discovered:
D:1:      dpeg_arrival_erosion, layout_rooms, minivault_23
D:2:      minmay_inner_zag, layout_loops_ring
D:3:      layout_rooms, lemuel_crystal_altar, lemuel_doored_altar, first_ration,
          uniq_natasha, uniq_grinder
D:4:      wad_river_or_something, layout_cave_pools,
          ebering_ghost_disaster_area, minmay_misc_feat_pillars, tso_metal_star

Skill      XL: |  1  2  3  4 |
---------------+-------------+-----
Unarmed Combat | 5 |  5.9
Dodging        | 4 5 |  5.5
Fighting       | |  3.0

Action                   |  1- 3 |  4- 6 || total
-------------------------+-------+-------++-------
Melee: Unarmed           |   107 |    62 ||   169
       Bite              |     9 |     3 ||    12
       Punch             |       |     1 ||     1
Evoke: Wand              |       |     2 ||     2
  Use: Potion            |       |     2 ||     2
 Stab: Sleeping          |     7 |     2 ||     9
       Distracted        |       |     3 ||     3
  Eat: Chunk             |    15 |     2 ||    17
Armor: Skin              |     1 |       ||     1
Dodge: Dodged            |    68 |    39 ||   107

Table legend:
 A = Non-vault XP
 B = Vault XP
 C = Vault XP percentage of total XP
 D = Non-vault monster count
 E = Vault monster count
 F = Vault count percentage of total count
                 A         B        C        D         E       F
            +---------+---------+-------+---------+---------+-------
      Total |     204 |     204 |  50.0 |      65 |       6 |   8.5
            +---------+---------+-------+---------+---------+-------
        D:1 |      31 |       0 |   0.0 |      20 |       0 |   0.0
        D:2 |      84 |       5 |   5.6 |      28 |       3 |   9.7
        D:3 |       6 |       0 |   0.0 |       3 |       0 |   0.0
        D:4 |      83 |     199 |  70.6 |      14 |       3 |  17.6
            +---------+---------+-------+---------+---------+-------
